[ AOE2 MATCH · #506432833 ]
UnrankedBengalis vs Vikings
Player's team · LOSS
Rival team · WIN
[ REPLAY ANALYSIS · EXTRACTED FROM THE RECORDED GAME ]
Feudal
9:02
Castle
24:29
Imperial
38:59
| APM avg | 65.8 |
| APM peak | 131 |
| eAPM avg | 37.8 |
| Villagers / military | 166 / 60 |
Focus
⚔️ 43.3% · 🌾 56.7%
Ratha (Ranged) ×28 · Archer ×25 · Mangonel ×5 · Trade Cart ×4 · Scout Cavalry ×2
Feudal
13:36
Castle
23:33
Imperial
36:09
| APM avg | 50.0 |
| APM peak | 102 |
| eAPM avg | 24.7 |
| Villagers / military | 113 / 73 |
Focus
⚔️ 32.4% · 🌾 67.6%
Berserk ×33 · Skirmisher ×18 · Militia ×14 · Mangonel ×5 · Trebuchet (Packed) ×3 · Trade Cart ×2
Match map
Initial resources + every placement click. Lines = walls · curves = elevation contours. ◆ gold · ⬟ stone · ● berries · ✦ relic · ◌ wall gap
Your base· Open — 4t gap
CORP_hector_sin_elo's base· Open — 9t gap
Smoothed initial terrain · ◌ = detected wall gap · hover for details
Inputs per minute
— General Nguyễn - - CORP_hector_sin_elo
Build order — General Nguyễn
First 150 of 381 actions detected
| 0:01 | Create | Villager (Male) |
| 0:01 | Create | Villager (Male) |
| 0:01 | Create | Villager (Male) |
| 0:04 | Build | House |
| 0:05 | Build | House |
| 0:14 | Create | Villager (Male) |
| 0:14 | Create | Villager (Male) |
| 1:23 | Create | Villager (Male) |
| 1:24 | Create | Villager (Male) |
| 1:56 | Build | Lumber Camp |
| 1:59 | Create | Villager (Male) |
| 1:59 | Create | Villager (Male) |
| 2:15 | Create | Villager (Male) |
| 2:16 | Create | Villager (Male) |
| 2:46 | Create | Villager (Male) |
| 2:46 | Create | Villager (Male) |
| 3:00 | Create | Villager (Male) |
| 3:00 | Create | Villager (Male) |
| 3:32 | Create | Villager (Male) |
| 3:32 | Create | Villager (Male) |
| 4:03 | Build | Mining Camp |
| 4:07 | Build | Mining Camp |
| 4:14 | Create | Villager (Male) |
| 4:15 | Create | Villager (Male) |
| 4:15 | Create | Villager (Male) |
| 4:38 | Create | Villager (Male) |
| 4:39 | Create | Villager (Male) |
| 5:02 | Create | Villager (Male) |
| 5:16 | Create | Villager (Male) |
| 5:16 | Create | Villager (Male) |
| 5:16 | Create | Villager (Male) |
| 5:49 | Build | Palisade Wall |
| 5:52 | Build | Palisade Wall |
| 5:58 | Create | Villager (Male) |
| 6:05 | Research | Loom |
| 6:41 | Build | Palisade Wall |
| 6:52 | Research | Feudal Age |
| 8:24 | Build | Lumber Camp |
| 8:38 | Build | Palisade Gate |
| 8:44 | Build | House |
| 9:02 | Age | Feudal Age |
| 9:02 | Build | Barracks |
| 9:16 | Create | Villager (Male) |
| 9:17 | Create | Villager (Male) |
| 9:17 | Create | Villager (Male) |
| 9:17 | Create | Villager (Male) |
| 9:20 | Build | House |
| 9:23 | Build | House |
| 9:32 | Create | Villager (Male) |
| 9:44 | Create | Villager (Male) |
| 9:51 | Build | Archery Range |
| 10:27 | Create | Archer |
| 10:28 | Create | Archer |
| 10:39 | Build | Mining Camp |
| 11:20 | Create | Archer |
| 11:20 | Create | Archer |
| 11:36 | Build | Mill |
| 11:38 | Create | Archer |
| 11:38 | Create | Archer |
| 11:39 | Create | Villager (Male) |
| 12:00 | Build | Blacksmith |
| 12:05 | Create | Villager (Male) |
| 12:05 | Create | Villager (Male) |
| 12:11 | Build | House |
| 12:48 | Create | Archer |
| 12:51 | Create | Villager (Male) |
| 12:51 | Create | Villager (Male) |
| 12:55 | Build | House |
| 13:14 | Build | Market |
| 13:20 | Create | Archer |
| 13:21 | Create | Archer |
| 13:26 | Create | Villager (Male) |
| 13:30 | Build | House |
| 13:30 | Build | House |
| 13:45 | Create | Archer |
| 13:54 | Create | Villager (Male) |
| 13:58 | Build | Farm |
| 14:03 | Build | Farm |
| 14:03 | Create | Villager (Male) |
| 14:06 | Create | Archer |
| 14:16 | Build | Farm |
| 14:45 | Create | Archer |
| 14:46 | Create | Archer |
| 14:49 | Build | Farm |
| 14:49 | Build | Farm |
| 14:49 | Build | Farm |
| 14:50 | Build | Farm |
| 14:50 | Build | Farm |
| 14:54 | Create | Archer |
| 15:18 | Create | Villager (Male) |
| 15:19 | Create | Villager (Male) |
| 15:19 | Create | Villager (Male) |
| 15:21 | Build | Farm |
| 15:22 | Build | Farm |
| 15:23 | Build | Farm |
| 15:32 | Build | Farm |
| 15:55 | Build | House |
| 15:55 | Build | House |
| 16:05 | Research | Double-Bit Axe |
| 16:13 | Build | Farm |
| 16:42 | Research | Fletching |
| 16:42 | Create | Villager (Male) |
| 16:42 | Create | Villager (Male) |
| 16:43 | Create | Villager (Male) |
| 16:46 | Build | Farm |
| 16:47 | Build | Farm |
| 16:56 | Create | Archer |
| 17:01 | Build | House |
| 17:03 | Build | House |
| 17:17 | Create | Villager (Male) |
| 17:17 | Create | Villager (Male) |
| 17:17 | Create | Villager (Male) |
| 17:17 | Create | Villager (Male) |
| 17:19 | Build | Farm |
| 17:20 | Build | Farm |
| 17:29 | Create | Archer |
| 17:29 | Create | Archer |
| 17:29 | Create | Archer |
| 17:35 | Create | Villager (Male) |
| 17:39 | Create | Villager (Male) |
| 18:03 | Create | Villager (Male) |
| 18:10 | Create | Archer |
| 18:26 | Create | Villager (Male) |
| 18:48 | Create | Villager (Male) |
| 18:52 | Build | Stable |
| 18:54 | Create | Villager (Male) |
| 19:09 | Create | Villager (Male) |
| 19:24 | Create | Villager (Male) |
| 19:40 | Create | Villager (Male) |
| 19:43 | Create | Villager (Male) |
| 19:49 | Create | Trade Cart ×3 |
| 19:54 | Create | Villager (Male) |
| 19:59 | Build | House |
| 20:01 | Build | Palisade Wall |
| 20:03 | Build | House |
| 20:15 | Create | Villager (Male) |
| 20:23 | Create | Scout Cavalry |
| 20:23 | Create | Scout Cavalry |
| 20:40 | Create | Villager (Male) |
| 20:47 | Create | Archer |
| 20:51 | Create | Villager (Male) |
| 20:53 | Build | House |
| 21:17 | Create | Villager (Male) |
| 21:49 | Research | Castle Age |
| 21:49 | Research | Castle Age |
| 21:51 | Create | Archer |
| 21:51 | Create | Archer |
| 21:51 | Create | Archer |
| 21:51 | Create | Archer |
| 22:47 | Create | Trade Cart |
Build order — CORP_hector_sin_elo
First 150 of 370 actions detected
| 0:01 | Create | Villager (Male) |
| 0:02 | Create | Villager (Male) |
| 0:02 | Create | Villager (Male) |
| 0:02 | Create | Villager (Male) |
| 0:03 | Build | House |
| 0:05 | Build | House |
| 1:29 | Create | Villager (Male) |
| 1:29 | Create | Villager (Male) |
| 1:55 | Create | Villager (Male) |
| 1:55 | Create | Villager (Male) |
| 2:30 | Create | Villager (Male) |
| 2:51 | Create | Villager (Male) |
| 3:18 | Create | Villager (Male) |
| 3:20 | Build | Barracks |
| 3:47 | Create | Villager (Male) |
| 3:49 | Create | Villager (Male) |
| 3:49 | Create | Villager (Male) |
| 4:25 | Create | Militia |
| 4:28 | Build | House |
| 4:38 | Create | Villager (Male) |
| 4:55 | Create | Militia |
| 5:03 | Build | Lumber Camp |
| 5:32 | Create | Villager (Male) |
| 5:45 | Create | Militia |
| 5:57 | Build | House |
| 6:01 | Create | Villager (Male) |
| 6:20 | Create | Villager (Male) |
| 6:36 | Create | Militia |
| 6:38 | Create | Villager (Male) |
| 6:48 | Build | Palisade Wall |
| 6:48 | Build | Palisade Wall |
| 6:57 | Create | Militia |
| 6:58 | Create | Villager (Male) |
| 7:10 | Build | House |
| 7:24 | Create | Villager (Male) |
| 7:54 | Build | House |
| 7:58 | Create | Villager (Male) |
| 8:06 | Build | Palisade Wall |
| 8:07 | Build | Palisade Wall |
| 8:08 | Build | Palisade Wall |
| 8:22 | Create | Villager (Male) |
| 8:26 | Build | Mill |
| 8:51 | Build | House |
| 8:52 | Build | Palisade Wall |
| 8:59 | Create | Villager (Male) |
| 9:04 | Build | Palisade Wall |
| 9:14 | Build | Farm |
| 9:22 | Build | Farm |
| 9:29 | Create | Villager (Male) |
| 9:41 | Build | Mining Camp |
| 9:50 | Build | Palisade Wall |
| 9:51 | Build | Palisade Wall |
| 9:52 | Build | Palisade Wall |
| 9:53 | Build | Palisade Wall |
| 9:54 | Build | Palisade Wall |
| 9:54 | Build | Palisade Wall |
| 9:55 | Build | Palisade Wall |
| 10:03 | Create | Villager (Male) |
| 10:28 | Build | Farm |
| 10:32 | Create | Villager (Male) |
| 10:34 | Build | Palisade Gate |
| 10:38 | Build | Palisade Wall |
| 10:38 | Build | Palisade Wall |
| 10:43 | Build | Palisade Wall |
| 10:49 | Build | Palisade Gate |
| 10:50 | Build | Palisade Wall |
| 10:58 | Research | Loom |
| 10:58 | Research | Loom |
| 11:03 | Build | Palisade Wall |
| 11:04 | Build | Palisade Wall |
| 11:21 | Build | Farm |
| 11:26 | Research | Feudal Age |
| 11:26 | Research | Feudal Age |
| 11:34 | Build | House |
| 11:36 | Build | House |
| 12:20 | Build | Palisade Gate |
| 12:22 | Build | Palisade Wall |
| 12:29 | Build | Mining Camp |
| 12:44 | Build | Palisade Wall |
| 12:47 | Build | Palisade Wall |
| 12:49 | Build | Palisade Wall |
| 13:12 | Build | Palisade Wall |
| 13:13 | Build | Palisade Wall |
| 13:16 | Build | Palisade Wall |
| 13:22 | Build | Palisade Wall |
| 13:36 | Age | Feudal Age |
| 13:40 | Build | Archery Range |
| 13:42 | Research | Man-at-Arms (upgrade) |
| 13:43 | Create | Villager (Male) |
| 14:09 | Create | Villager (Male) |
| 14:13 | Create | Skirmisher |
| 14:14 | Build | Blacksmith |
| 14:31 | Create | Skirmisher |
| 14:32 | Create | Villager (Male) |
| 14:46 | Create | Skirmisher |
| 14:48 | Research | Padded Archer Armor |
| 14:56 | Build | House |
| 15:00 | Build | Farm |
| 15:16 | Build | Farm |
| 15:24 | Build | Farm |
| 15:30 | Create | Skirmisher |
| 15:34 | Create | Villager (Male) |
| 15:51 | Create | Villager (Male) |
| 15:55 | Build | Farm |
| 16:00 | Build | Farm |
| 16:01 | Build | Farm |
| 16:09 | Create | Skirmisher |
| 16:35 | Create | Skirmisher |
| 16:38 | Build | Farm |
| 16:41 | Research | Fletching |
| 16:45 | Create | Villager (Male) |
| 16:48 | Build | Farm |
| 17:07 | Create | Skirmisher |
| 17:13 | Create | Villager (Male) |
| 17:16 | Build | Farm |
| 17:37 | Build | Palisade Gate |
| 17:50 | Create | Skirmisher |
| 17:53 | Create | Villager (Male) |
| 17:58 | Build | Farm |
| 18:03 | Create | Skirmisher |
| 18:16 | Create | Villager (Male) |
| 18:34 | Create | Skirmisher |
| 18:34 | Create | Villager (Male) |
| 18:54 | Create | Villager (Male) |
| 19:24 | Build | Farm |
| 19:27 | Build | House |
| 19:32 | Build | Farm |
| 19:32 | Build | Farm |
| 19:33 | Build | Farm |
| 19:33 | Build | Farm |
| 19:33 | Build | Farm |
| 19:40 | Create | Skirmisher |
| 19:51 | Create | Villager (Male) |
| 19:55 | Build | House |
| 19:56 | Build | House |
| 20:07 | Create | Skirmisher |
| 20:22 | Build | Farm |
| 20:53 | Research | Castle Age |
| 21:28 | Research | Scale Mail Armor |
| 21:36 | Build | Archery Range |
| 21:40 | Build | Palisade Gate |
| 21:41 | Build | Palisade Wall |
| 21:43 | Build | Palisade Wall |
| 21:53 | Research | Forging |
| 22:02 | Build | Market |
| 22:07 | Create | Skirmisher |
| 22:11 | Create | Militia |
| 22:32 | Build | House |
| 22:38 | Research | Gold Mining |
| 23:01 | Research | Double-Bit Axe |
Match timeline
| 3:20 | CORP_hector_sin_elo · first_building Barracks |
| 5:49 | General Nguyễn · wall_segment Palisade Wall x1 |
| 5:52 | General Nguyễn · wall_segment Palisade Wall x1 |
| 6:41 | General Nguyễn · wall_segment Palisade Wall x1 |
| 6:48 | CORP_hector_sin_elo · wall_segment Palisade Wall x1 |
| 6:48 | CORP_hector_sin_elo · wall_segment Palisade Wall x1 |
| 8:06 | CORP_hector_sin_elo · wall_segment Palisade Wall x1 |
| 8:07 | CORP_hector_sin_elo · wall_segment Palisade Wall x3 |
| 8:08 | CORP_hector_sin_elo · wall_segment Palisade Wall x1 |
| 8:52 | CORP_hector_sin_elo · wall_segment Palisade Wall x1 |
| 9:02 | General Nguyễn · age_up feudal |
| 9:02 | General Nguyễn · first_building Barracks |
| 9:04 | CORP_hector_sin_elo · wall_segment Palisade Wall x1 |
| 9:50 | CORP_hector_sin_elo · wall_segment Palisade Wall x1 |
| 9:51 | CORP_hector_sin_elo · wall_segment Palisade Wall x1 |
| 9:51 | General Nguyễn · first_building Archery Range |
| 9:52 | CORP_hector_sin_elo · wall_segment Palisade Wall x5 |
| 9:53 | CORP_hector_sin_elo · wall_segment Palisade Wall x1 |
| 9:54 | CORP_hector_sin_elo · wall_segment Palisade Wall x2 |
| 9:54 | CORP_hector_sin_elo · wall_segment Palisade Wall x1 |
| 9:55 | CORP_hector_sin_elo · wall_segment Palisade Wall x3 |
| 10:38 | CORP_hector_sin_elo · wall_segment Palisade Wall x1 |
| 10:38 | CORP_hector_sin_elo · wall_segment Palisade Wall x1 |
| 10:43 | CORP_hector_sin_elo · wall_segment Palisade Wall x6 |
| 10:50 | CORP_hector_sin_elo · wall_segment Palisade Wall x1 |
| 11:03 | CORP_hector_sin_elo · wall_segment Palisade Wall x1 |
| 11:04 | CORP_hector_sin_elo · wall_segment Palisade Wall x1 |
| 12:22 | CORP_hector_sin_elo · wall_segment Palisade Wall x6 |
| 12:44 | CORP_hector_sin_elo · wall_segment Palisade Wall x8 |
| 12:47 | CORP_hector_sin_elo · wall_segment Palisade Wall x1 |
| 12:49 | CORP_hector_sin_elo · wall_segment Palisade Wall x8 |
| 13:12 | CORP_hector_sin_elo · wall_segment Palisade Wall x1 |
| 13:13 | CORP_hector_sin_elo · wall_segment Palisade Wall x1 |
| 13:16 | CORP_hector_sin_elo · wall_segment Palisade Wall x7 |
| 13:22 | CORP_hector_sin_elo · wall_segment Palisade Wall x17 |
| 13:36 | CORP_hector_sin_elo · age_up feudal |
| 13:40 | CORP_hector_sin_elo · first_building Archery Range |
| 18:52 | General Nguyễn · first_building Stable |
| 20:01 | General Nguyễn · wall_segment Palisade Wall x3 |
| 21:41 | CORP_hector_sin_elo · wall_segment Palisade Wall x1 |
| 21:43 | CORP_hector_sin_elo · wall_segment Palisade Wall x3 |
| 23:33 | CORP_hector_sin_elo · age_up castle |
| 24:29 | General Nguyễn · wall_segment Palisade Wall x4 |
| 24:29 | General Nguyễn · age_up castle |
| 24:48 | General Nguyễn · first_building Siege Workshop |
| 25:55 | General Nguyễn · wall_segment Stone Wall x2 |
| 26:27 | General Nguyễn · wall_segment Stone Wall x2 |
| 27:57 | General Nguyễn · first_market_buy 100 wood |
| 30:47 | CORP_hector_sin_elo · first_building Siege Workshop |
| 32:14 | CORP_hector_sin_elo · first_market_buy 100 food |
| 33:38 | General Nguyễn · first_building Monastery |
| 33:39 | CORP_hector_sin_elo · first_building Castle |
| 36:09 | CORP_hector_sin_elo · age_up imperial |
| 38:44 | General Nguyễn · first_building Castle |
| 38:59 | General Nguyễn · age_up imperial |
| 43:15 | General Nguyễn · resign |
[ AI ANALYSIS · 1 CREDIT ]
What really happened in this match?
Wolo.gg analyzes every decision: build order, eco, micro, common mistakes by bracket. Personalized analysis on WhatsApp or Discord in 30 seconds.
Civ guide
Bengalis
Perfil
General Nguyễn